 Dungeon Crawl Stone Soup version 0.32-a0-656-g3542139ebd (webtiles) character file.

Game seed: 6621758748387390357

86 backslashecho the Grave Robber (level 4, -4/36 HPs)
             Began as a Mountain Dwarf Necromancer on Mar 8, 2024.
             Killed from afar by an orc wizard (12 damage)
             ... with a puff of flame
             ... on level 2 of the Dungeon.
             The game lasted 00:04:16 (1909 turns).

backslashecho the Grave Robber (MDNe)               Turns: 1909, Time: 00:04:16

Health: -4/36      AC:  2    Str: 12    XL:     4   Next: 27%
Magic:  6/7        EV: 12    Int: 16    God:
Gold:   107        SH:  0    Dex: 10    Spells: 6/7 levels left

rFire   . . .        c - +0 whip
rCold   . . .        (no shield)
rNeg    . . .        a - +0 robe
rPois   +            (no helmet)
rElec   .            (no cloak)
rCorr   .            (no gloves)
SInv    .            (no boots)
Will    .....        (no amulet)
Stlth   ++           g - ring of poison resistance
HPRegen 0.26/turn    (no ring)
MPRegen 0.10/turn

%: no passive effects
@: no status effects
A: runic magic, artefact enchanting
a: no special abilities


You were on level 2 of the Dungeon.
You visited 1 branch of the dungeon, and saw 2 of its levels.

You collected 107 gold pieces.

Inventory:

Hand Weapons
 c - a +0 whip (weapon)
Armour
 a - a +0 robe (worn)
Jewellery
 g - a ring of poison resistance (left hand)
Scrolls
 d - 2 scrolls of blinking {unknown}
 e - a scroll of enchant weapon {unknown}
Potions
 b - a potion of magic
 f - a potion of haste {unknown}
 h - 2 potions of mutation {unknown}
 i - a potion of lignification {unknown}
 j - a potion of heal wounds {unknown}
 k - 2 potions of brilliance {unknown}


   Skills:
 + Level 1.8 Fighting
 + Level 0.2 Maces & Flails
 + Level 1.9 Armour
 - Level 2.0 Dodging
 - Level 1.4 Stealth
 - Level 2.0 Spellcasting
 - Level 5.0 Necromancy


You had 6 spell levels left.
You knew the following spells:

 Your Spells              Type           Power      Damage    Failure   Level
a - Necrotise             Necr           68%        1d7       2%          1

Your spell library contained the following spells:

 Spells                   Type           Power      Damage    Failure   Level
 Vampiric Draining        Necr           17%        2d7       8%          3
 Animate Dead             Necr           17%        N/A       26%         4
 Curse of Agony           Necr           17%        N/A       58%         5


Dungeon Overview and Level Annotations

Branches:
Dungeon (2/15)

Altars:


Innate Abilities, Weirdness & Mutations

Your spellcasting is much less encumbered by armour.
You can use scrolls of enchantment on lesser artefacts.


Message History

You kill the endoplasm!
Your magical contamination has completely faded away.
You now have 107 gold pieces (gained 24).
You see here a +0 dagger.
HP restored.
Found a stone staircase leading down.
Health restored: 36; MP restored: 7
There are monsters nearby!
Casting: Necrotise (safe; 2% risk of failure)
Confirm with . or Enter, or press ? or * to list all spells.
You can't see any susceptible monsters within range! (Use Z to cast anyway.)
The orc shouts!
You hear a shout!
Casting: Necrotise (safe; 2% risk of failure)
Confirm with . or Enter, or press ? or * to list all spells.
Aiming: Necrotise (safe; 2% risk of failure)
Press: ? - help, Shift-Dir - straight line, f - orc
Aim: an orc, wielding a +0 hand axe (chance to affect: 87%)
The orc barely resists.
The orc wizard shouts!
You hear a shout! x2
The orc wizard gestures wildly while chanting.
The orc wizard flickers and vanishes!
Deactivating autopickup; reactivate with Ctrl-A.
You hear a shout!
You now have 6/7 mp.
Casting: Necrotise (safe; 2% risk of failure)
Confirm with . or Enter, or press ? or * to list all spells.
Aiming: Necrotise (safe; 2% risk of failure)
Press: ? - help, Shift-Dir - straight line, f/p - orc
Aim: an orc, wielding a +0 hand axe (chance to affect: 87%)
The orc writhes in agony.
You now have 5/7 mp.
Casting: Necrotise (safe; 2% risk of failure)
Confirm with . or Enter, or press ? or * to list all spells.
Aiming: Necrotise (safe; 2% risk of failure)
Press: ? - help, Shift-Dir - straight line, f/p - orc
Aim: an orc, wielding a +0 hand axe (heavily wounded, chance to affect: 87%)
The orc writhes in agony.
You kill the orc!
The dead are walking!
You are confused.
A magic dart appears from out of thin air!
The magic dart hits your orc skeleton!
Your orc skeleton is destroyed!
You bump into the rock wall.
You are more confused.
A puff of flame appears from out of thin air!
The puff of flame misses you.
You bump into the rock wall.
You feel less confused.
Reactivating autopickup.
An orc wizard appears from thin air!
The orc wizard attacks as it pursues you!
The orc wizard hits you with a +0 dagger.
You take 3 damage, and have 33/36 hp.
MP restored: 7 You completely miss the orc wizard.
The orc wizard points at you and mumbles some strange words.
The puff of flame hits you!
You take 8 damage, and have 25/36 hp.
MASSIVE DAMAGE!!
You hit the orc wizard.
The orc wizard is moderately wounded.
The orc wizard hits you but does no damage.
Casting: Necrotise (safe; 2% risk of failure)
Confirm with . or Enter, or press ? or * to list all spells.
Aiming: Necrotise (safe; 2% risk of failure)
Press: ? - help, Shift-Dir - straight line, f - orc wizard
Aim: an orc wizard, wielding a +0 dagger and wearing a +0 robe (moderately wounded, chance to affect: 75%)
The orc wizard writhes in agony.
The orc wizard points at you and mumbles some strange words.
The puff of flame misses you.
You completely miss the orc wizard.
The orc wizard is almost dead.
The orc wizard gestures wildly while chanting.
The orc wizard flickers and vanishes!
Deactivating autopickup; reactivate with Ctrl-A.
You now have 6/7 mp.
You miss something. Something hits you.
You take 3 damage, and have 23/36 hp.
Casting: Necrotise (safe; 2% risk of failure)
Confirm with . or Enter, or press ? or * to list all spells.
You can't see any susceptible monsters within range! (Use Z to cast anyway.)
You closely miss something. Something hits you but does no damage.
You closely miss something.
You hear some strange, mumbled words.
A magic dart appears from out of thin air!
The magic dart hits you!
You take 9 damage, and have 15/36 hp.
MASSIVE DAMAGE!!
You closely miss something. Something hits you.
You take 3 damage, and have 12/36 hp.
You hit something. Something hits you.
You take 1 damage, and have 11/36 hp.
You closely miss something.
You hear some strange, mumbled words.
A magic dart appears from out of thin air!
The magic dart hits you.
* * * LOW HITPOINT WARNING * * *
You hear some strange, mumbled words.
A puff of flame appears from out of thin air!
The puff of flame hits you!
You die...

..##### #.# .......... .#....#
####.# .........> ##.#....#
##..#.# #.......o# #..#...>#
#.....# #.........
#.##....###.###.# #.# #...
#.##.....##.# #.###.# ##..
#.##......#.# #..##.#####...
###.##....#..{###..รท.....)....
#.........###@........##.....#
#.........# #.#.......##....#.
#<....##### #.#............#.#
#.....# #.#...........#.#.
#.....# #)###.#.....)#.#.#
#.....# ####<##.....#..#.#.#.
#.....# #...........#...#.#.#
##########.##.###.##......#.#.
######....##.###.##.##....#.#


There were no monsters in sight!

Vanquished Creatures
  3 adders (D:2)
  2 dart slugs
  A ribbon worm (D:1)
  An orc (D:2)
  4 ball pythons (D:1)
  4 endoplasms
  A giant cockroach (D:1)
  8 goblins
  9 hobgoblins
  2 jackals (D:1)
  4 kobolds (D:1)
  A quokka (D:1)
  2 bats (D:1)
  A frilled lizard (D:1)
  4 rats
47 creatures vanquished.

Notes
Turn   | Place    | Note
-------+----------+-------------------------------------------
     0 | D:1      | backslashecho the Mountain Dwarf Necromancer began the
                  | quest for the Orb.
     0 | D:1      | Reached XP level 1. HP: 14/14 MP: 3/3
   352 | D:1      | Reached XP level 2. HP: 20/20 MP: 1/5
   791 | D:1      | Reached XP level 3. HP: 26/26 MP: 4/6
   817 | D:1      | Reached skill level 5 in Necromancy
  1409 | D:1      | Reached skill level 1 in Armour
  1487 | D:2      | Reached skill level 1 in Fighting
  1595 | D:2      | Reached XP level 4. HP: 7/35 MP: 0/7
  1909 | D:2      | Killed from afar by an orc wizard

Illustrated notes

Levels and vault maps discovered:
D:1:      dpeg_arrival_morbid_curiosity, layout_basic, minmay_pentomino_x4
D:2:      layout_rooms, kennysheep_flooded_box, serial_bayou_ford_a,
          nicolae_the_louvre

Skill      XL: |  1  2  3 |
---------------+----------+-----
Spellcasting   | 2 |  2.0
Dodging        | 2 |  2.0
Necromancy     | 5 |  5.0
Armour         | 1 |  1.9
Fighting       | 1 |  1.8
Maces & Flails | |  0.2
Stealth        | |  1.4

Action                     |  1- 3 |  4- 6 || total
---------------------------+-------+-------++-------
  Melee: Whip              |    38 |    18 ||    56
   Cast: Necrotise         |    75 |    15 ||    90
 Armour: Robe              |    30 |    13 ||    43
  Dodge: Dodged            |    44 |     7 ||    51

Table legend: (Time is in decaauts)
 A = Elapsed time spent in this place.
 B = Non-inter-level travel time spent in this place.
 C = Inter-level travel time spent in this place.
 D = Time resting spent in this place.
 E = Time spent auto-exploring this place.
 F = Levels seen in this place.
 G = Mean time per level.
                   A        B        C        D        E       F      G
               +--------+--------+--------+--------+--------+-----+--------+
         Total |   1914 |   1875 |     39 |     71 |   1397 |   2 |  957.0 |
       Dungeon |   1914 |   1875 |     39 |     71 |   1397 |   2 |  957.0 |
               +--------+--------+--------+--------+--------+-----+--------+

Top non-repeatable levels by time:
     D:1: 1550 daAuts
     D:2: 363 daAuts
